 Dungeon Crawl Stone Soup version 0.13.0-13-g27bfa31 (webtiles) character file.

1090 MDvedh the Cleaver (level 7, -2/59 HPs)
             Began as a Minotaur Fighter on Oct 19, 2013.
             Was a Believer of Makhleb.
             Slain by an orc warrior
             ... wielding a +2,+1 orcish hand axe
              (7 damage)
             ... on Level 8 of the Dungeon.
             The game lasted 00:14:28 (5076 turns).

MDvedh the Cleaver (Minotaur Fighter)               Turns: 5076, Time: 00:14:28

HP  -2/59        AC 11     Str 22      XL: 7   Next: 84%
MP   2/2         EV  2     Int  5      God: Makhleb [**....]
Gold 165         SH 15     Dex 10      Spells:  0 memorised,  6 levels left

Res.Fire  : . . .   See Invis. : .   r - +1,+2 demon whip (reach)
Res.Cold  : . . .   Warding    : .   q - +0 orc plate armour (curse)
Life Prot.: . . .   Conserve   : .   c - +0 shield
Res.Poison: .       Res.Corr.  : .   (helmet restricted)
Res.Elec. : .       Clarity    : .   (no cloak)
Sust.Abil.: . .     Spirit.Shd : .   u - +0 pair of dwarf gloves
Res.Mut.  : .       Stasis     : .   (no boots)
Res.Rott. : .       Flight     : .   l - cursed amulet of the gourmand
Gourmand  : +                        (no ring)
                                     g - ring of regeneration

@: about to teleport, very heavily drained, slightly resistant to hostile
enchantments, extremely unstealthy
A: retaliatory headbutt, horns 2
a: Minor Destruction, Renounce Religion


You were on level 8 of the Dungeon.
You worshipped Makhleb.
Makhleb was pleased with you.
You were hungry.

You visited 2 branches of the dungeon, and saw 9 of its levels.

You collected 145 gold pieces.

Inventory:

Hand weapons
 a - a +0,+0 hand axe {=f}
 o - a +0,+0 dwarven hand axe (quivered)
 r - a +1,+2 demon whip of reaching (weapon)
Armour
 c - a +0 shield (worn)
 q - a cursed +0 orcish plate armour (worn)
 u - a +0 pair of dwarven gloves (worn)
Magical devices
 n - a wand of flame (24) {unknown}
 s - a wand of heal wounds (3) {unknown}
 B - a wand of cold (8) {unknown}
 G - a wand of polymorph (4) {unknown}
Comestibles
 d - 3 bread rations
 h - 12 strawberries
 k - 5 pears
 v - 2 chokos
 w - 2 apples
 x - an orange
 F - a meat ration
Scrolls
 e - 3 scrolls of identify
 i - 6 scrolls of recharging
 j - 2 scrolls of remove curse
 y - 4 scrolls of fear
 A - a scroll of enchant weapon III {unknown}
Jewellery
 g - a ring of regeneration (left hand)
 l - a cursed amulet of the gourmand (around neck)
 m - an uncursed amulet of resist corrosion
Potions
 f - 7 potions of curing
 p - a potion of heal wounds
 t - a potion of invisibility
 z - 2 potions of confusion
 C - a potion of might
 D - a potion of restore abilities


   Skills:
 - Level 3.6(0.0) Fighting
 - Level 9.4(3.8) Axes
 + Level 5.9(0.8) Maces & Flails
 - Level 5.0(0.0) Armour
 - Level 3.6(0.0) Shields


You had 6 spell levels left.
You didn't know any spells.

Dungeon Overview and Level Annotations

Branches:
Dungeon (8/27)             Temple (1/1) D:6
    Orc: D:6-11        Lair: D:8-13

Altars:
Ashenzari
Cheibriados
Elyvilon
Fedhas
Kikubaaqudgha
Makhleb
Nemelex Xobeh
Sif Muna
Vehumet
Yredelemnul
Zin
the Shining One

Annotations:
D:7 AndrewJacksonJihad's ghost, experienced DrHe


Innate Abilities, Weirdness & Mutations

You reflexively headbutt those who attack you in melee.
You have a pair of horns on your head.


Message History

Your plate armour prevents you from hitting the orc warrior.
The orc warrior is moderately wounded.
The orc warrior hits you with an orcish hand axe.
* * * LOW HITPOINT WARNING * * *
The orc warrior hits you with an orcish hand axe!
* * * LOW HITPOINT WARNING * * *
Unknown command.
You are too injured to fight recklessly!
You are too injured to fight recklessly!
You are too injured to fight recklessly!
Unknown command.
Read which item? (? for menu, Esc to quit)
Okay, then.
Unknown command.
Read which item? (? for menu, Esc to quit)
As you read the scroll of teleportation, it crumbles to dust.
You feel strangely unstable. You block the orc warrior's attack.
Unknown command.
The orc warrior hits you with an orcish hand axe!
You die...

#############
...............
...............
#............#
#............#
#####............#.
........@o.......'.
.........).......<#.
######).######..#
...>.... #..# #..#
......>.# #..# #..#
........# #..# #..#
........# #..# #..#
........#
#..######..#
........#
#..........#


You could see an orc warrior (berserk).

Vanquished Creatures
  Edmund (D:8)
  3 giant frogs
  A yak zombie (D:3)
  A crimson imp (D:4)
  A goliath beetle (D:6)
  3 hounds
  2 scorpions
  2 iguanas
  2 worker ants (D:5)
  Ijyb (D:2)
  A hound zombie (D:5)
  A mummy (D:8)
  4 gnolls (D:6)
  7 adders
  A worm (D:7)
  An adder skeleton (D:4)
  A giant eyeball (D:4)
  2 giant geckos
  2 oozes (D:3)
  12 orcs
  A giant cockroach (D:2)
  9 goblins
  6 hobgoblins
  10 jackals
  A ball python (D:6)
  8 bats
  5 giant newts
  A hobgoblin skeleton (D:4)
  A jackal skeleton (D:4)
  10 kobolds
  A kobold skeleton (D:7)
  3 quokkas
  9 rats
114 creatures vanquished.

Notes
Turn   | Place    | Note
--------------------------------------------------------------
     0 | D:1      | MDvedh, the Minotaur Fighter, began the quest for the Orb.
     0 | D:1      | Reached XP level 1. HP: 19/19 MP: 0/0
   330 | D:1      | Reached XP level 2. HP: 26/26 MP: 0/0
   712 | D:2      | Reached skill level 4 in Axes
   759 | D:2      | Noticed Ijyb
   809 | D:2      | Killed Ijyb
   809 | D:2      | Reached XP level 3. HP: 33/33 MP: 1/1
  1099 | D:2      | Reached skill level 5 in Axes
  1149 | D:2      | Reached XP level 4. HP: 39/39 MP: 1/1
  1318 | D:3      | Reached skill level 6 in Axes
  1404 | D:3      | Found a basalt altar of Yredelemnul.
  1404 | D:3      | Found a white marble altar of Elyvilon.
  1702 | D:3      | Reached XP level 5. HP: 40/46 MP: 1/1
  2036 | D:3      | Found a blossoming altar of Fedhas.
  2340 | D:4      | Reached skill level 7 in Axes
  2406 | D:5      | Entered Level 5 of the Dungeon
  2560 | D:5      | Reached XP level 6. HP: 52/52 MP: 2/2
  2763 | D:5      | Found an ancient bone altar of Kikubaaqudgha.
  2771 | D:5      | Found a snail-covered altar of Cheibriados.
  2957 | D:5      | Reached skill level 8 in Axes
  3414 | D:6      | Found a staircase to the Ecumenical Temple.
  3420 | Temple   | Entered the Ecumenical Temple
  3471 | Temple   | Became a worshipper of Makhleb the Destroyer
  4157 | D:4      | Acquired Makhleb's first power
  4167 | D:4      | Paralysed by a giant eyeball for 2 turns
  4327 | D:4      | Reached skill level 9 in Axes
  4557 | D:7      | Reached XP level 7. HP: 36/59 MP: 2/2
  4798 | D:7      | Noticed AndrewJacksonJihad's ghost (experienced DrHe)
  4860 | D:8      | Reached skill level 5 in Armour
  4971 | D:8      | Identified a scroll of acquirement
  5012 | D:8      | Acquired Makhleb's second power
  5029 | D:8      | Noticed Edmund
  5062 | D:8      | Killed Edmund
  5062 | D:8      | Reached skill level 5 in Maces & Flails
  5076 | D:8      | Slain by an orc warrior

Action                   |  1- 3 |  4- 6 |  7- 9 || total
-------------------------+-------+-------+-------++-------
Melee: Hand axe          |   134 |   308 |    49 ||   491
       Demon whip        |       |       |    44 ||    44
  Use: Scroll            |     7 |     2 |     9 ||    18
